 Dungeon Crawl Stone Soup version 0.21-a0-404-g291f19a (webtiles) character file.

119 JackS81 the Sneak (level 4, -3/31 HPs)
             Began as a Spriggan Enchanter on Oct 31, 2017.
             Slain by Natasha (6 damage)
             ... on level 3 of the Dungeon.
             The game lasted 00:09:35 (2646 turns).

JackS81 the Sneak (Spriggan Enchanter)              Turns: 2646, Time: 00:09:36

Health: -3/31      AC: 22    Str:  4    XL:     4   Next: 73%
Magic:  3/9        EV:  4    Int: 17    God:
Gold:   117        SH:  0    Dex: 16    Spells: 5/8 levels left

rFire    . . .     SeeInvis +   i - +2 dagger (speed)
rCold    . . .     Gourm    .   (shield restricted)
rNeg     + + +     Faith    .   (armour currently unavailable)
rPois    +         Spirit   .   (helmet currently unavailable)
rElec    .         Reflect  .   (cloak currently unavailable)
rCorr    .         Harm     .   (gloves unavailable)
MR       .....     NoTele   +   (boots unavailable)
Stlth    ++++......             (no amulet)
HPRegen  0.10/turn              (no ring)
MPRegen  0.11/turn              (no ring)

@: tree-form, slowed, very slow
A: unfitting armour, see invisible, herbivore 3, slow metabolism 2
a: no special abilities


You were on level 3 of the Dungeon.
You were full.
You were a tree.
You visited 1 branch of the dungeon, and saw 3 of its levels.

You collected 117 gold pieces.

Inventory:

Hand Weapons
 a - a +1 dagger
 i - a +2 dagger of speed (weapon)
Armour
 b - a +0 robe (melded)
Scrolls
 l - a scroll of teleportation
Potions
 g - a potion of degeneration {unknown}
 j - a potion of flight
 k - a potion of curing {unknown}
 o - a potion of cancellation {unknown}
Books
 c - a book of Maledictions

   Spells                             Type                      Level
   a - Corona                         Hexes                        1
   b - Ensorcelled Hibernation        Hexes/Ice                    2
   c - Confuse                        Hexes                        3
   d - Tukima's Dance                 Hexes                        3
   e - Dazzling Spray                 Conjuration/Hexes            3
Comestibles
 d - a bread ration
 f - a royal jelly


   Skills:
 * Level 2.5 Short Blades
 - Level 3.0 Dodging
 * Level 7.7 Stealth
 - Level 2.6 Spellcasting
 - Level 3.6 Hexes
 - Level 0.1 Ice Magic


You had 5 spell levels left.
You knew the following spells:

 Your Spells              Type           Power        Failure   Level  Hunger
a - Corona                Hex            ##.....      4%          1    #......
b - Ensorcelled Hibernat  Hex/Ice        #.....       13%         2    ##.....


Dungeon Overview and Level Annotations

Branches:
Dungeon (3/15)

Altars:
Elyvilon
Gozag
Yredelemnul
The Shining One

Annotations:
D:3 Natasha, Robin


Innate Abilities, Weirdness & Mutations

You are very small and have problems with some larger weapons.
You are too small for most types of armour.
You have supernaturally acute eyesight. (SInv)
You are a herbivore.
((You cover ground extremely quickly.))
You need consume almost no food.


Message History

* * * LOW HITPOINT WARNING * * *
The bat hits you but does no damage.
You hit Natasha but do no damage.
Natasha is severely wounded.
The bat hits you but does no damage.
You hit Natasha.
Natasha is severely wounded.
The bat hits you but does no damage. Natasha claws you.
* * * LOW HITPOINT WARNING * * *
You completely miss Natasha.
Natasha is severely wounded.
The bat hits you but does no damage. Natasha claws you but does no damage.
Your magical contamination has completely faded away.
You closely miss Natasha.
Natasha is severely wounded.
The bat barely misses you. Natasha claws you but does no damage.
You hit Natasha but do no damage.
Natasha is severely wounded.
The bat hits you but does no damage. Natasha claws you.
You die...

###..................
..##(................
.................#..
.....$...#......#..
#...##.######..... #...##†##
#..... #...##..#####..... ##
##hb..†....†....... #.
##.♣..##.######.....
##.######.....##.....##.....
###......##.....######...?....
#...............# ###.........
#...............# #...###.....
#.......)..####.# #.#####...).
#....).....####.###.#.........
#........>....†.......# .....
#...........###.####.## .....


You could see Natasha and a bat.

Vanquished Creatures
  Natasha (twice) (D:3)
  A gnoll (D:1)
  An adder (D:2)
  2 oozes (D:1)
  2 worms (D:2)
  A dart slug (D:2)
  4 bats
  2 giant cockroaches (D:1)
  3 goblins
  5 hobgoblins
  2 quokkas (D:2)
  A frilled lizard (D:1)
  7 kobolds
  9 rats
42 creatures vanquished.

Notes
Turn   | Place    | Note
-------+----------+-------------------------------------------
     0 | D:1      | JackS81 the Spriggan Enchanter began the quest for the Orb.
     0 | D:1      | Reached XP level 1. HP: 9/9 MP: 5/5
   234 | D:1      | Reached skill level 5 in Stealth
   310 | D:1      | Reached XP level 2. HP: 12/13 MP: 6/6
   320 | D:1      | Learned a level 2 spell: Ensorcelled Hibernation
   737 | D:1      | Reached skill level 6 in Stealth
   737 | D:1      | Reached XP level 3. HP: 15/16 MP: 0/8
  1650 | D:2      | Found a glowing golden altar of the Shining One.
  1653 | D:2      | Found an opulent altar of Gozag.
  1656 | D:2      | Found a white marble altar of Elyvilon.
  1682 | D:2      | Found a basalt altar of Yredelemnul.
  2317 | D:3      | Noticed Natasha
  2365 | D:3      | Noticed Robin
  2380 | D:3      | Killed Natasha
  2380 | D:3      | Reached skill level 7 in Stealth
  2380 | D:3      | Reached XP level 4. HP: 21/21 MP: 9/9
  2433 | D:3      | Noticed Natasha
  2568 | D:3      | Killed Natasha
  2616 | D:3      | Noticed Natasha
  2646 | D:3      | Slain by Natasha

Vault maps used:
D:1:      onia_arrival_handbag, minmay_misc_feat_enclosed
D:2:      grunt_temple_overflow_diamond, first_bread, yredelemnul_altar_generic
D:3:      uniq_natasha, uniq_robin

Skill      XL: |  1  2  3 |
---------------+----------+-----
Stealth        | 5 6 7 |  7.7
Short Blades   | 2 |  2.5
Dodging        | |  3.0
Spellcasting   | |  2.6
Hexes          | |  3.6
Ice Magic      | |  0.1

Action                   |  1- 3 |  4- 6 || total
-------------------------+-------+-------++-------
Melee: Dagger            |   122 |    27 ||   149
Throw: Throwing net      |       |     2 ||     2
 Cast: Corona            |     3 |       ||     3
       Ensorcelled Hiber |    20 |    11 ||    31
  Use: Scroll            |     6 |       ||     6
       Potion            |       |     2 ||     2
 Stab: Sleeping          |    18 |     5 ||    23
       Distracted        |       |     1 ||     1
  Eat: Bread ration      |       |     1 ||     1
Armor: Robe              |     7 |     3 ||    10
       Skin              |       |    15 ||    15
Dodge: Dodged            |    69 |    23 ||    92

Table legend:
 A = Spawn XP
 B = Non-spawn XP
 C = Spawn XP percentage of total XP
 D = Spawn monster count
 E = Non-spawn monster count
 F = Spawn count percentage of total count
 G = Total turns spent on level
                    A         B        C        D         E        F      G
               +---------+---------+-------+---------+---------+-------+---------
         Total |       0 |     170 |   0.0 |       0 |      42 |   0.0 |  2646
               +---------+---------+-------+---------+---------+-------+---------
           D:1 |       0 |      49 |   0.0 |       0 |      19 |   0.0 |  1145
           D:2 |       0 |      45 |   0.0 |       0 |      16 |   0.0 |  1218
           D:3 |       0 |      76 |   0.0 |       0 |       7 |   0.0 |   283
               +---------+---------+-------+---------+---------+-------+---------
